 Dungeon Crawl Stone Soup version 0.22-a0-525-gf69a080 (webtiles) character file.

23 iamserjio the Charmwright (level 2, -1/15 HPs)
             Began as a Vine Stalker Skald on June 21, 2018.
             Slain by a worm (5 damage)
             ... on level 2 of the Dungeon.
             The game lasted 00:01:53 (227 turns).

iamserjio the Charmwright (Vine Stalker Skald)       Turns: 227, Time: 00:01:54

Health: -1/15      AC:  4    Str: 13    XL:     2   Next: 95%
Magic:  0/6        EV: 11    Int: 13    God:
Gold:   5          SH:  0    Dex: 13    Spells: 4/5 levels left

rFire    . . .     SeeInvis .     - Unarmed
rCold    . . .     Gourm    .   (no shield)
rNeg     . . .     Faith    .   a - +0 leather armour
rPois    .         Spirit   +   (no helmet)
rElec    .         Reflect  .   (no cloak)
rCorr    .         Harm     .   d - +0 pair of gloves
MR       .....                  (no boots)
Stlth    +.........             (no amulet)
HPRegen  0.05/turn              (no ring)
MPRegen  0.10/turn              (no ring)

@: no status effects
A: fangs 2, magic shield, antimagic bite, no potion heal 3, rot immunity
a: no special abilities


You were on level 2 of the Dungeon.
You were not hungry.

You visited 1 branch of the dungeon, and saw 2 of its levels.

You collected 5 gold pieces.

Inventory:

Missiles
 f - 6 tomahawks (quivered)
 h - 17 stones
Armour
 a - a +0 leather armour (worn)
 b - a +0 plate armour
 d - a +0 pair of gloves (worn)
Scrolls
 e - a scroll of enchant armour {unknown}
 g - a scroll of remove curse {unknown}
 i - a scroll of immolation {unknown}
Comestibles
 c - 3 rations


   Skills:
 + Level 2.2 Fighting
 - Level 0.7 Armour
 - Level 1.5 Dodging
 * Level 3.0 Unarmed Combat
 - Level 2.1 Spellcasting
 - Level 3.0 Charms


You had 4 spell levels left.
You knew the following spells:

 Your Spells              Type           Power        Failure   Level  Hunger
a - Infusion              Chrm           #...         10%         1    ##.....

Your spell library contained the following spells:

 Spells                   Type           Power        Failure   Level  Hunger
 Regeneration             Chrm/Necr      #.........   45%         3    ####...
 Shroud of Golubria       Chrm/Tloc      #.........   26%         2    ###....
 Song of Slaying          Chrm           #.......     14%         2    ###....
 Spectral Weapon          Hex/Chrm       #.......     45%         3    ####...


Dungeon Overview and Level Annotations

Branches:
Dungeon (2/15)

Altars:


Innate Abilities, Weirdness & Mutations

You have extremely sharp teeth.
When hurt, damage is shared between your health and your magic reserves.
Your bite disrupts and absorbs the magic of your enemies.
Potions cannot restore your health.
You are immune to rotting.


Message History

* * * LOW HITPOINT WARNING * * *
You hit the worm. Your bite misses the worm.
The worm is moderately wounded.
You hit the worm.
The worm is heavily wounded.
The worm closely misses you.
You barely miss the worm.
The worm is moderately wounded.
The worm barely misses you.
You hit the worm. You bite the worm, but do no damage.
The worm is heavily wounded.
You hit the worm but do no damage.
The worm is heavily wounded.
The worm barely misses you.
You hit the worm.
The worm is severely wounded.
You hit the worm. Your bite misses the worm.
The worm is severely wounded.
The worm bites you!
You die...

#. #.#.###. .#.. #.#.#
#.#.# . ... #.#.# #.#.#
. ##..##.#.## #.#.###.
##.........####.#.....
#..#.#.#.#............
#...........###..)....
##..#.#.#.#............
#.....@..†[..###.......
#.#.#.#w#.#..# ##...#..
#............# ##.##..
.....#.#.#.#..# #.# #.
##............# #.# .
...##.#.###.#.# #.. .
### #.#.. ....# ###
#.### #####


You could see a worm.

Vanquished Creatures
  An adder (D:2)
  A giant cockroach (D:2)
  2 hobgoblins
  A quokka (D:2)
  A ball python (D:1)
  3 bats
  2 goblins
  4 rats
15 creatures vanquished.

Notes
Turn   | Place    | Note
-------+----------+-------------------------------------------
     0 | D:1      | iamserjio the Vine Stalker Skald began the quest for the Orb.
     0 | D:1      | Reached XP level 1. HP: 11/11 MP: 4/4
   121 | D:1      | Reached XP level 2. HP: 14/15 MP: 6/6
   227 | D:2      | Slain by a worm

Vault maps used:
D:1:      saegor_arrival_miasma, st_stairs_11
D:2:      hangedman_ru_absence, first_ration, serial_glass, glass_columns_a,
          glass_columns_a, glass_columns_b, glass_columns_a, glass_columns_b,
          glass_columns_a, glass_columns_c, glass_columns_a, grunt_ministairs_11

Skill      XL: |  1  2 |
---------------+-------+-----
Fighting       | 2 |  2.2
Unarmed Combat | 3 |  3.0
Armour         | |  0.7
Dodging        | |  1.5
Spellcasting   | |  2.1
Charms         | |  3.0

Action                   || total
-------------------------++-------
Melee: Unarmed           ||    60
       Bite              ||    13
Throw: Tomahawk          ||     2
Armor: Leather armour    ||    14
Dodge: Dodged            ||    36

Table legend:
 A = Spawn XP
 B = Non-spawn XP
 C = Spawn XP percentage of total XP
 D = Spawn monster count
 E = Non-spawn monster count
 F = Spawn count percentage of total count
 G = Total turns spent on level
                    A         B        C        D         E        F      G
               +---------+---------+-------+---------+---------+-------+---------
         Total |       0 |      33 |   0.0 |       0 |      15 |   0.0 |   227
               +---------+---------+-------+---------+---------+-------+---------
           D:1 |       0 |      10 |   0.0 |       0 |       8 |   0.0 |   128
           D:2 |       0 |      23 |   0.0 |       0 |       7 |   0.0 |    99
               +---------+---------+-------+---------+---------+-------+---------
